 Dungeon Crawl Stone Soup version 0.30-a0-272-gf98c3da03f (webtiles) character file.

Game seed: 16315911602017741455

43 Lanoc the Shield-Bearer (level 3, -1/36 HPs)
             Began as a Troll Fighter on Oct 15, 2022.
             Slain by an orc wizard
             ... wielding a +0 dagger
              (3 damage)
             ... on level 3 of the Dungeon.
             The game lasted 00:01:25 (313 turns).

Lanoc the Shield-Bearer (Troll Fighter)              Turns: 313, Time: 00:01:26

Health: -1/36      AC:  4    Str: 22 (23) XL:     3   Next: 37%
Magic:  2/2        EV:  9    Int:  6 (8)  God:
Gold:   57         SH:  7    Dex: 10      Spells: 2/2 levels left

rFire   . . .      SeeInvis .    a - +0 flail
rCold   . . .      Faith    .    c - +0 kite shield
rNeg    . . .      Spirit   .    b - +0 robe
rPois   .          Reflect  .    (helmet restricted)
rElec   .          Harm     .    (no cloak)
rCorr   .          Rampage  .    (gloves unavailable)
Will    .....      Clarity  +    (boots unavailable)
Stlth   +.........               (no amulet)
HPRegen 1.06/turn                (no ring)
MPRegen 0.08/turn                (no ring)

@: mighty, lethally poisoned (-1 -> -3), attractive, hasted, invisible, very
quick
A: large, unfitting armour, claws 3, regeneration 1, shaggy fur 1, tough skin 1,
clarity, clever 1, deterioration 1
a: no special abilities


You were on level 3 of the Dungeon.
You visited 1 branch of the dungeon, and saw 3 of its levels.

You collected 57 gold pieces.

Inventory:

Hand Weapons
 a - a +0 flail (weapon)
Armour
 b - a +0 robe (worn)
 c - a +0 kite shield (worn)
Scrolls
 e - a scroll of amnesia {unknown}
 g - a scroll of magic mapping {unknown}
 j - a scroll of enchant weapon {unknown}
 m - a scroll of enchant armour {unknown}
 n - a scroll of teleportation {unknown}
 o - a scroll of identify {unknown}


   Skills:
 + Level 2.8 Fighting
 + Level 2.3 Maces & Flails
 + Level 2.8 Dodging
 + Level 3.1 Shields


You had 2 spell levels left.
You didn't know any spells.
Your spell library contained the following spells:

 Spells                   Type           Power      Damage    Failure   Level
 Foxfire                  Conj/Fire      0%         2x1d4     75%         1
 Sting                    Tmut/Pois      0%         1d3       75%         1
 Hailstorm                Conj/Ice       0%         3d3       98%         3
 Fireball                 Conj/Fire      0%         3d3       100%        5
 Starburst                Conj/Fire      0%         6d3       100%        6
 Storm Form               Tmut/Air       0%         N/A       100%        7


Dungeon Overview and Level Annotations

Branches:
Dungeon (3/15)

Altars:


Innate Abilities, Weirdness & Mutations

You are too large for most types of armour.
You have claws for hands.
Your natural rate of healing is unusually fast.
You are covered in fur. (AC +1)
You have tough skin. (AC +1)
You possess an exceptional clarity of mind.
Your mind is acute. (Int +4, Str/Dex -1)
Your body sometimes deteriorates upon taking damage.


Message History

You feel attractive to monsters. Something hits you but does no damage.
Something hits you.
It was a potion of heal wounds.
You feel much better.
You hear some strange, mumbled words.
Something tries to affect you, but you resist.
Something hits you. The orc wizard is attracted toward you.
You are too confused!
It was a potion of invisibility.
You fade into invisibility!
Something hits you.
Your body deteriorates!
You feel dopey. Something hits you. The orc wizard is attracted toward you.
It was a potion of haste.
You feel yourself speed up. Something hits you but does no damage.
Something hits you. The orc wizard is attracted toward you.
You are too confused!
You closely miss something.
The orc wizard shouts!
Something hits you.
The orc wizard hits you with a +1 dagger of venom.
You are poisoned.
Something is attracted toward you.
You bump into the rock wall.
You feel sick.
You hear some strange, mumbled words.
A magic dart appears from out of thin air!
The magic dart hits you!
Your body deteriorates!
You feel dopey.
The orc wizard gestures at you while chanting.
The puff of flame hits you!
* * * LOW HITPOINT WARNING * * *
Something is attracted toward you.
You feel very mighty all of a sudden.
You feel less confused.
You feel sick.
You hear some strange, mumbled words.
A puff of flame appears from out of thin air!
The puff of flame hits you!
* * * LOW HITPOINT WARNING * * *
Your body deteriorates!
You feel weakened. Something hits you.
You die...

#.##..##...........
#..................
##...........##...# #
#...........## .#.#=#
#
...[........###...#.#.
....)..........###...#
.............#.# #o#.#
.....<.........##{#.#
............###)@#.#
###.......#.#)§o#.#
#######...###..#.#
#.....§##.#.# #.#..#.#
#.#.# #.#....# ...#
#...###...#.#. ##..#
.#.# # # #... .. #


You could see an orc wizard (unable to see you) and an orc (unable to see you).

Vanquished Creatures
  2 adders
  A worm (D:3)
  A dart slug (D:2)
  An orc (D:3)
  2 endoplasms
  3 goblins (D:3)
  A hobgoblin (D:2)
  A quokka (D:1)
  2 ball pythons
  2 bats (D:3)
  A frilled lizard (D:3)
  2 kobolds
  2 rats
21 creatures vanquished.

Notes
Turn   | Place    | Note
-------+----------+-------------------------------------------
     0 | D:1      | Lanoc the Troll Fighter began the quest for the Orb.
     0 | D:1      | Reached XP level 1. HP: 22/22 MP: 0/0
    51 | D:2      | Reached XP level 2. HP: 29/29 MP: 1/1
   143 | D:3      | Got Sif Muna's Tome of Mutated Frostbite
   250 | D:3      | Reached skill level 3 in Shields
   280 | D:3      | Reached XP level 3. HP: 36/36 MP: 2/2
   306 | D:3      | Gained mutation: You possess an exceptional clarity of
                  | mind. [potion of mutation]
   306 | D:3      | Gained mutation: Your body sometimes deteriorates upon
                  | taking damage. [potion of mutation]
   306 | D:3      | Gained mutation: Your mind is acute. (Int +4, Str/Dex -1)
                  | [potion of mutation]
   313 | D:3      | Slain by an orc wizard

Illustrated notes

Levels and vault maps discovered:
D:1:      minmay_arrival_stone_box, layout_basic
D:2:      layout_rooms, serial_shops, shop
D:3:      layout_rooms, chequers_temple_overflow_statue_of_worship,
          mainiacjoe_overflow_catwalk, minmay_starry_boxes

Skill      XL: |  1  2 |
---------------+-------+-----
Maces & Flails | 2 |  2.3
Shields        | 3 |  3.1
Fighting       | |  2.8
Dodging        | |  2.8

Action                   || total
-------------------------++-------
Melee: Flail             ||    81
  Use: Potion            ||     6
Armor: Robe              ||    39
Dodge: Dodged            ||    26
Block: Kite shield       ||    28

Table legend: (Time is in decaauts)
 A = Elapsed time spent in this place.
 B = Non-inter-level travel time spent in this place.
 C = Inter-level travel time spent in this place.
 D = Time resting spent in this place.
 E = Time spent auto-exploring this place.
 F = Levels seen in this place.
 G = Mean time per level.
                   A        B        C        D        E       F      G
               +--------+--------+--------+--------+--------+-----+--------+
         Total |    346 |    336 |     10 |      0 |    161 |   3 |  115.3 |
       Dungeon |    346 |    336 |     10 |      0 |    161 |   3 |  115.3 |
               +--------+--------+--------+--------+--------+-----+--------+

Top non-repeatable levels by time:
     D:3: 202 daAuts
     D:2: 110 daAuts
     D:1: 33 daAuts
